 Dungeon Crawl Stone Soup version 0.30-b1-2-g02819fbbbe (webtiles) character file.

Game seed: 16579006744574803086

11536 Arcadio the Fighter (level 11, 0/90 HPs)
             Began as a Green Draconian Transmuter on May 8, 2023.
             Was a Priest of Hepliaklqana.
             Slain by a torpor snail (16 damage)
             ... on level 3 of the Lair of Beasts.
             The game lasted 00:35:17 (11828 turns).

Arcadio the Fighter (Green Draconian Transmuter)   Turns: 11828, Time: 00:35:17

Health: 0/90       AC:  7    Str: 15    XL:     11   Next: 50%
Magic:  17/20      EV: 15    Int: 22    God:    Hepliaklqana [***...]
Gold:   500        SH:  0    Dex: 11    Spells: 12/22 levels left

rFire   . .          .
                       - Unarmed
rCold   . . .        (no shield)
rNeg    . . .        (body armour unavailable)
rPois   +            B - melded +2 hat
rElec   .            (no cloak)
rCorr   .            (no gloves)
SInv    .            (boots currently unavailable)
Will    +....        o - amulet of regeneration
Stlth   +            c - ring of willpower
HPRegen 1.15/turn    y - +6 ring of intelligence
MPRegen 0.17/turn

%: no passive effects
@: short of breath, appendages, very slightly contaminated, slowed, very slow
A: horns 2, talons 2, reduced essence, breathe noxious fumes, AC +7, unfitting
armour, poison resistance, cold-blooded
a: Breathe Noxious Fumes, End Transformation, Renounce Religion, Recall
Ancestor, Ancestor Identity, Transference


You were on level 3 of the Lair of Beasts.
You worshipped Hepliaklqana.
Hepliaklqana was most pleased with you.
You had temporarily grown beastly horns and talons.
You visited 3 branches of the dungeon, and saw 12 of its levels.
You also visited: Ossuary and Volcano.

You collected 500 gold pieces.

Inventory:

Missiles
 w - 3 throwing nets
Armour
 B - a +2 hat (melded)
Jewellery
 c - a ring of willpower (left hand)
 o - an amulet of regeneration (around neck)
 y - a +6 ring of intelligence (right hand)
 E - an amulet of the acrobat
Wands
 s - a wand of charming (29)
 v - a wand of iceblast (4)
 x - a wand of acid (16)
 G - a wand of mindburst (3)
 H - a wand of polymorph (6)
 I - a wand of flame (3)
Scrolls
 b - 3 scrolls of fear
 d - 7 scrolls of teleportation
 e - a scroll of vulnerability {unknown}
 f - 3 scrolls of fog {unknown}
 h - 3 scrolls of blinking {unknown}
 j - a scroll of amnesia {unknown}
 p - 4 scrolls of poison {unknown}
 q - 3 scrolls of immolation {unknown}
 r - 2 scrolls of identify
 A - a scroll of enchant weapon {unknown}
Potions
 a - 6 potions of lignification
 g - a potion of haste
 i - a potion of brilliance {unknown}
 k - 2 potions of attraction
 l - a potion of experience {unknown}
 m - 2 potions of might {unknown}
 n - a potion of invisibility {unknown}
 t - 5 potions of curing
 u - 4 potions of heal wounds
 z - a potion of magic {unknown}
 C - a potion of degeneration {unknown}
 D - a potion of mutation {unknown}
 F - a potion of resistance {unknown}


   Skills:
 + Level 10.2 Fighting
 + Level 8.7 Dodging
 + Level 9.8 Unarmed Combat
 + Level 6.2 Spellcasting
 + Level 6.7 Transmutations


You had 12 spell levels left.
You knew the following spells:

 Your Spells              Type           Power      Damage    Failure   Level
a - Beastly Appendage     Tmut           72%        N/A       1%          1
b - Wereblood             Tmut           36%        N/A       1%          2
c - Spider Form           Tmut/Pois      21%        N/A       7%          3
d - Ice Form              Ice/Tmut       21%        N/A       22%         4

Your spell library contained the following spells:

 Spells                   Type           Power      Damage    Failure   Level
 Magic Dart               Conj           24%        1d4       9%          1
 Slow                     Hex            24%        N/A       9%          1
 Cigotuvi's Dreadful Rot  Necr/Pois/Air  12%        N/A       14%         2
 Searing Ray              Conj           12%        2d4       14%         2
 Confusing Touch          Hex            6%         N/A       26%         3
 Frozen Ramparts          Ice            12%        1d2       26%         3
 Vampiric Draining        Necr           6%         2d6       26%         3
 Dispel Undead            Necr           6%         3d8       65%         4
 Fulminant Prism          Conj/Hex       3%         3d5       65%         4
 Summon Ice Beast         Ice/Summ       6%         N/A       65%         4
 Death Channel            Necr           3%         N/A       100%        6


Dungeon Overview and Level Annotations

Branches:
Dungeon (8/15) Zot: 25640  Temple (1/1) D:6 Zot: 5940    Lair (3/5) D:8 Zot: 14920
  Snake (0/4) Lair:3      Ossuary (visited)         Volcano (visited)
  Swamp: Lair:2-3    Shoals: Lair:2-3

Altars:
Elyvilon
Fedhas
Gozag
Hepliaklqana
Kikubaaqudgha
Nemelex Xobeh
Okawaru
Qazlal
Ru
Sif Muna
Uskayaw
Vehumet
Wu Jian
Xom
Yredelemnul
Zin
The Shining One

Shops:
D:6 (

Annotations:
D:4 1 runed translucent door, Lordstoney's ghost, amateur MiMo
Lair:3 1 runed translucent door


Innate Abilities, Weirdness & Mutations

You have temporarily grown beastly horns and talons.
Your life essence is reduced to manifest your ancestor. (-10% HP)
You can breathe blasts of noxious fumes.
Your lurid green scales are hard. (AC +7)
You cannot fit into any form of body armour.
Your system is resistant to poisons. (rPois)
You are cold-blooded and may be slowed by cold attacks.


Message History

Jean-Croute hits the komodo dragon with a +0 dagger of draining.
Jean-Croute hits the komodo dragon but does no damage.
You hit the skyshark. Your headbutt misses the skyshark.
The skyshark is lightly wounded.
You swap places.
The komodo dragon barely misses you.
The komodo dragon bites you but does no damage.
Jean-Croute casts a spell at the komodo dragon.
The komodo dragon seems to slow down.
You hit the komodo dragon. You claw the komodo dragon.
The komodo dragon is heavily wounded.
You catch the helpless komodo dragon completely off-guard!
You hit the komodo dragon but do no damage.
The komodo dragon is heavily wounded.
The komodo dragon seems less confused.
Jean-Croute hits the torpor snail with a +0 dagger of draining.
Jean-Croute drains the torpor snail.
The torpor snail barely misses you. The komodo dragon bites you!!
Jean-Croute hits the torpor snail but does no damage.
Jean-Croute drains the torpor snail.
The skyshark bites Jean-Croute!
The skyshark misses Jean-Croute.
The skyshark barely misses Jean-Croute.
Jean-Croute hits the skyshark with a +0 dagger of draining!
Jean-Croute drains the skyshark.
The komodo dragon bites you!
Jean-Croute hits the skyshark with a +0 dagger of draining.
Jean-Croute drains the skyshark.
You hit the komodo dragon.
The komodo dragon is heavily wounded.
The skyshark bites Jean-Croute!
The skyshark tail-slaps Jean-Croute.
The skyshark tail-slaps Jean-Croute but does no damage.
The torpor snail bites you! The komodo dragon bites you!!
* * * LOW HITPOINT WARNING * * *
Jean-Croute closely misses the skyshark.
Okay, then.
Casting: Beastly Appendage (safe; 1% risk of failure)
Confirm with . or Enter, or press ? or * to list all spells.
You miscast Spider Form.
You are very lightly contaminated with residual magic.
Nothing appears to happen.
The skyshark seems less confused.
The torpor snail bites you!
You die...

....................
..............>.....
.....................
.....................
........†...........
#.......##P+..###...
###......##.######..
#.....##..#.P##... .
#@....###.^..##...
....+lw...##.....#...#
#...R./###.....##..
#.....l.# ####.8....
..........# #.......
............. #8.>....
.............. #.......
...............##.8.##.
................#######


You could see the friendly Jean-Croute the hexer (slow), a skyshark (drained,
ally target), a torpor snail (drained) and a komodo dragon (slow).

Vanquished Creatures
  A black mamba (Lair:3)
  A cane toad (Lair:3)
  3 rime drakes
  3 komodo dragons
  2 polar bears (D:8)
  3 wyverns
  9 yaks
  Eustachio (D:4)
  3 basilisks
  A steam dragon (Lair:1)
  Menkaure (D:4)
  5 water moccasins
  An orc warrior (D:8)
  A black bear (D:6)
  3 ice beasts (D:8)
  2 ogres
  2 wolves (D:8)
  A phantom (D:7)
  A kobold brigand (D:8)
  9 bullfrogs
  7 scorpions
  5 wights (D:7)
  3 centaur zombies (Ossuary)
  A hound (D:3)
  8 orc priests
  2 human zombies (Ossuary)
  4 iguanas
  10 orc wizards
  2 mummies (Ossuary)
  4 gnolls (D:7)
  12 adders
  3 shadow imps
  2 white imps
  An ufetubus (D:5)
  2 worms (D:2)
  A dart slug (D:2)
  34 orcs
  14 ball pythons
  11 endoplasms
  3 giant cockroaches
  7 goblins
  7 hobgoblins
  11 jackals
  3 quokkas
  2 bats (D:2)
  2 frilled lizards
  2 goblin zombies
  9 hobgoblin zombies (Ossuary)
  A jackal zombie (Ossuary)
  12 kobolds
  14 kobold zombies (Ossuary)
  4 orc zombies (Ossuary)
  3 rats
  4 rat zombies
  A spectral goblin (D:6)
264 creatures vanquished.

Vanquished Creatures (collateral kills)
  2 black mambas
  2 cane toads
  A rime drake (Lair:3)
  2 komodo dragons
  A polar bear (D:8)
  A yak (Lair:2)
  A basilisk (Lair:2)
  2 bullfrogs (Lair:3)
  3 orcs (D:8)
15 creatures vanquished.

Vanquished Creatures (others)
  3 hexers
  3 ancestors
  4 fungi (Lair:3)
  24 plants
  3 toadstools (Lair:3)
37 creatures vanquished.

Grand Total: 316 creatures vanquished

Notes
Turn   | Place    | Note
-------+----------+-------------------------------------------
     0 | D:1      | Arcadio the Draconian Transmuter began the quest for the
                  | Orb.
     0 | D:1      | Reached XP level 1. HP: 16/16 MP: 3/3
   208 | D:1      | Reached XP level 2. HP: 23/23 MP: 1/5
   471 | D:1      | Reached skill level 2 in Fighting
   498 | D:1      | Reached XP level 3. HP: 29/29 MP: 4/6
   833 | D:1      | Learned a level 2 spell: Wereblood
   837 | D:1      | Learned a level 3 spell: Spider Form
  1398 | D:2      | Reached XP level 4. HP: 37/37 MP: 5/7
  2112 | D:3      | Reached skill level 3 in Fighting
  2112 | D:3      | Reached XP level 5. HP: 45/45 MP: 5/8
  2570 | D:3      | Found an opulent altar of Gozag.
  2921 | D:4      | Found a runed translucent door.
  2926 | D:4      | Noticed Lordstoney's ghost (amateur MiMo)
  2969 | D:4      | Noticed Menkaure
  2988 | D:4      | Killed Menkaure
  2989 | D:4      | Reached XP level 6. HP: 48/52 MP: 7/9
  3172 | D:4      | Reached skill level 4 in Fighting
  3243 | D:4      | Noticed Eustachio
  3271 | D:4      | Killed Eustachio
  3272 | D:4      | Reached skill level 5 in Unarmed Combat
  3272 | D:4      | Your scales start taking on a lurid green colour.
  3272 | D:4      | Reached XP level 7. HP: 53/60 MP: 10/10
  3272 | D:4      | Gained mutation: Your system is resistant to poisons.
                  | (rPois) [Green Draconian growth]
  3962 | D:4      | Learned a level 4 spell: Ice Form
  3989 | D:5      | Entered Level 5 of the Dungeon
  4132 | D:5      | Reached skill level 5 in Fighting
  4524 | D:6      | Reached skill level 5 in Dodging
  4583 | D:6      | Reached XP level 8. HP: 64/70 MP: 9/11
  4678 | D:5      | Reached skill level 6 in Fighting
  5404 | D:6      | Found a large runed translucent door.
  5405 | D:6      | Found a large runed translucent door.
  5557 | D:6      | Found a hazy altar of Hepliaklqana.
  5624 | D:6      | Became a worshipper of Hepliaklqana the Forgotten
  5673 | D:6      | Found a staircase to the Ecumenical Temple.
  5682 | Temple   | Entered the Ecumenical Temple
  5758 | D:6      | Found Sicev's Antique Weapon Boutique.
  6130 | D:6      | Reached skill level 7 in Fighting
  6140 | D:6      | Found a shimmering blue altar of Sif Muna.
  6143 | D:6      | Found a basalt altar of Yredelemnul.
  6224 | D:7      | Found a sand-covered staircase.
  6246 | Ossuary  | Entered an ossuary
  6411 | Ossuary  | Reached XP level 9. HP: 79/79 MP: 9/12
  6947 | D:7      | Found an ornate altar of the Wu Jian Council.
  7009 | D:7      | Reached * piety under Hepliaklqana
  7367 | D:8      | Found a radiant altar of Vehumet.
  7403 | D:8      | Found a glowing golden altar of the Shining One.
  7499 | D:8      | Reached skill level 8 in Fighting
  7569 | D:8      | Noticed a polar bear
  7569 | D:8      | Noticed a polar bear
  7862 | D:8      | Noticed a polar bear
  7864 | D:8      | Noticed a rime drake
  7879 | D:8      | Killed a rime drake
  7889 | D:8      | Killed a polar bear
  7892 | D:8      | Reached XP level 10. HP: 81/81 MP: 12/16
  7937 | D:8      | Found a staircase to the Lair.
  8732 | Lair:1   | Entered Level 1 of the Lair of Beasts
  8891 | Lair:1   | Reached skill level 9 in Fighting
  8891 | Lair:1   | Reached skill level 5 in Transmutations
  9071 | Lair:1   | Reached ** piety under Hepliaklqana
  9127 | Lair:1   | Remembered your ancestor Jean-Croute as a hexer
  9193 | Lair:1   | Noticed a cane toad
  9202 | Lair:1   | Killed a cane toad
  9203 | Lair:1   | Reached skill level 5 in Spellcasting
  9216 | Lair:1   | Found a dark tunnel.
  9239 | Volcano  | Entered a volcano
  9245 | Volcano  | Noticed a toenail golem
  9245 | Volcano  | Noticed a molten gargoyle
  9458 | Lair:1   | Noticed a black mamba
  9469 | Lair:1   | Killed a black mamba
 10239 | Lair:2   | Reached XP level 11. HP: 41/89 MP: 16/19
 10956 | Lair:3   | Reached *** piety under Hepliaklqana
 11083 | Lair:3   | Found a staircase to the Snake Pit.
 11308 | Lair:3   | Reached skill level 10 in Fighting
 11594 | Lair:3   | Noticed a dire elephant
 11594 | Lair:3   | Noticed a dire elephant
 11614 | Lair:3   | Found a runed translucent door.
 11816 | Lair:3   | Noticed a skyshark
 11828 | Lair:3   | Slain by a torpor snail

Illustrated notes

Levels and vault maps discovered:
D:1:      dpeg_arrival_three_same_balls, layout_basic
D:2:      layout_basic
D:3:      layout_basic, lemuel_round_altar
D:4:      corexii_shack_village, layout_cave_pods,
          hellmonk_ghost_happy_afterlife, uniq_menkaure, uniq_eustachio
D:5:      layout_layer_cave, nicolae_underground_beach
D:6:      layout_gridville, nicolae_hepliaklqana_monster_ancestors,
          jmf_multi_god_temple2, minmay_temple_entry_statues_pillars,
          serial_shops, shop, corexii_shack
D:7:      layout_loops_ring, nzn_wu_jian_contemplation, enter_ossuary_4
D:8:      layout_basic, vehumet_crystals, mainiacjoe_overflow_alcove_2,
          hellmonk_lair_entry_icy, serial_co_window_serial, co_window_corner_a,
          co_window_corner_a, co_window_cross_1, co_window_corner_a,
          co_window_corner_a, co_window_paths_b, co_window_paths_b,
          co_window_corner_a, co_window_paths_b, co_window_unsneaky_path_c,
          co_window_of_opportunity_c, co_window_of_opportunity_b,
          co_window_broadway_a, co_window_2corner, glass_columns_a,
          glass_columns_c
Temple:   eino_wide_crystal_templ
Lair:1:   layout_regular_city, nicolae_volcano_entry_two_sided,
          grunt_megastairs_1
Lair:2:   layout_cave_pods
Lair:3:   gammafunk_lair_enchanted_lake, layout_regular_city,
          minmay_shoals_entry_beasts, dummy_snake_entry, dpeg_oklob_1,
          grunt_megastairs_2

Skill      XL: |  1  2  3  4  5  6  7  8  9 10 11 |
---------------+----------------------------------+-----
Dodging        | 2 3 4 5 6 7 8 |  8.7
Fighting       | 2 3 4 5 7 8 9 10 | 10.2
Unarmed Combat | 4 5 6 7 8 9 |  9.8
Transmutations | 4 5 6 |  6.7
Spellcasting   | 4 5 6 |  6.2

Action                     |  1- 3 |  4- 6 |  7- 9 | 10-12 || total
---------------------------+-------+-------+-------+-------++-------
  Melee: Unarmed           |   119 |   103 |   407 |   200 ||   829
         Headbutt          |    13 |    16 |    66 |    48 ||   143
         Kick              |    25 |    19 |    98 |    65 ||   207
         Punch             |     5 |     1 |    22 |    15 ||    43
         Tailslap          |     2 |    11 |    60 |    35 ||   108
   Cast: Beastly Appendage |    27 |    24 |    49 |    36 ||   136
         Wereblood         |     1 |     1 |    11 |     3 ||    16
         Spider Form       |       |       |       |     2 ||     2
 Invoke: Recall Ancestor   |       |       |     1 |     3 ||     4
         Ancestor Identity |       |       |     1 |       ||     1
         Ancestor Life: He |       |       |       |     1 ||     1
Ability: Breathe Noxious F |       |       |    15 |     3 ||    18
  Evoke: Wand              |       |       |       |     1 ||     1
    Use: Potion            |     1 |       |     3 |       ||     4
         Scroll            |     2 |     2 |       |     3 ||     7
   Stab: Sleeping          |       |     1 |       |       ||     1
         Confused          |       |       |     4 |     3 ||     7
         Distracted        |       |       |       |     4 ||     4
 Armour: Skin              |    49 |    27 |   112 |    24 ||   212
  Dodge: Dodged            |   124 |    56 |   213 |   130 ||   523
